 Dungeon Crawl Stone Soup version 0.31-a0-232-gb1c03b2570 (webtiles) character file.

Game seed: 5959014960995560114

269 qw the Shooter (level 6, 0/37 HPs)
             Began as a Gargoyle Hexslinger on July 6, 2023.
             Slain by an ogre
             ... wielding a +0 giant club
              (11 damage)
             ... on level 3 of the Dungeon.
             The game lasted 00:01:22 (2701 turns).

qw the Shooter (Gargoyle Hexslinger)                Turns: 2701, Time: 00:01:23

Health: 0/37       AC:  7    Str: 12    XL:     6   Next: 22%
Magic:  7/7        EV: 11    Int: 13    God:
Gold:   177        SH:  0    Dex: 14    Spells: 6/7 levels left

rFire   . . .        Y - +1 sling
rCold   . . .        (no shield)
rNeg    + . .        f - +0 leather armour
rPois   inf          (no helmet)
rElec   +            (no cloak)
rCorr   .            (no gloves)
SInv    .            (no boots)
Will    .....        (no amulet)
Stlth   +            (no ring)
HPRegen 0.26/turn    (no ring)
MPRegen 0.10/turn

%: no passive effects
@: no status effects
A: sickness immunity, AC +4, negative energy resistance 1, electricity
resistance, torment resistance 1, petrification resistance
a: no special abilities


You were on level 3 of the Dungeon.
You visited 1 branch of the dungeon, and saw 3 of its levels.

You collected 177 gold pieces.


Innate Abilities, Weirdness & Mutations

You are immune to sickness and miasma.
Your stone body is resilient. (AC +4)
You are immune to poison.
You resist negative energy. (rN+)
You are resistant to electric shocks. (rElec)
You are resistant to unholy torment.
You are immune to petrification.


   Skills:
 - Level 3.2 Fighting
 + Level 5.6 Ranged Weapons
 - Level 1.5 Dodging
 - Level 1.0 Spellcasting
 - Level 2.6 Hexes


You had 6 spell levels left.
You knew the following spells:

 Your Spells              Type           Power      Damage    Failure   Level
a - Slow                  Hex            28%        N/A       12%         1

Your spell library contained the following spells:

 Spells                   Type           Power      Damage    Failure   Level
 Inner Flame              Hex/Fire       4%         N/A       52%         3
 Portal Projectile        Hex/Tloc       8%         N/A       52%         3
 Cause Fear               Hex            3%         N/A       75%         4

Inventory:

Hand Weapons
 Y - a +1 sling (weapon)
Armour
 a - a +0 helmet
 f - a +0 leather armour (worn)
Jewellery
 c - a ring of fire
Scrolls
 b - a scroll of teleportation
 d - 2 scrolls of identify
 h - a scroll of noise {unknown}
Potions
 e - a potion of brilliance {unknown}
 g - a potion of ambrosia {unknown}
 i - a potion of invisibility {unknown}

Dungeon Overview and Level Annotations

Branches:
Dungeon (3/15)

Altars:
Fedhas

Annotations:
D:3 1 runed translucent door, qw's ghost, weakling MiHs


Message History

You shoot a sling bullet.
The sling bullet barely misses the giant cockroach.
You shoot a sling bullet.
The sling bullet hits the giant cockroach.
You kill the giant cockroach!
There is an open door here.
You see here a giant cockroach corpse.
You open the door.
A hobgoblin and an ogre come into view.
The hobgoblin shouts!
The ogre shouts!
The ogre moves out of view.
Enter note:
Enter note:
Enter note:
Enter note:
Enter note:
Enter note:
Enter note:
Enter note:
Enter note: You shoot a sling bullet.
The sling bullet hits the hobgoblin!
You kill the hobgoblin!
You shoot a sling bullet. The sling bullet hits the ogre.
The ogre is lightly wounded.
You shoot a sling bullet. The sling bullet hits the ogre.
The ogre is moderately wounded.
The ogre closely misses you.
You shoot a sling bullet. The sling bullet hits the ogre.
The ogre is heavily wounded.
The ogre hits you with a +0 giant club.
You shoot a sling bullet. The sling bullet hits the ogre!
The ogre is severely wounded.
The ogre hits you with a +0 giant club!!
Ouch! That really hurt!
You shoot a sling bullet. The sling bullet hits the ogre.
The ogre is almost dead.
You shoot a sling bullet. The sling bullet hits the ogre.
The ogre is almost dead.
The ogre hits you with a +0 giant club!
You die...

#####.#
#####..###
......#
#.....
#######
#.#### #
#..... #
#+# #.~¤¤~
#..##
#.....
#######
#..%.#
#.~.~~
......###
###O....#
#.~.~.
........#
##.@##
#.~.~.
#.#####.#
+....#
#.~.~. #.#
#.##
#....#
#.~.~~ ..#
#..#
##..##
#.¤¤.. ###
#..# ##%##
#.¤~~~
#..# #..#
#.....
#######..#
##.#
##.##.
.........#
#.# #.##.
##########
#.# #.##.


You could see an ogre.

Vanquished Creatures
  An orc priest (D:3)
  Natasha (twice) (D:2)
  2 orc wizards (D:3)
  Robin (D:3)
  3 adders
  3 worms
  2 dart slugs (D:1)
  4 orcs (D:3)
  5 ball pythons
  9 bats
  6 endoplasms
  9 giant cockroaches
  14 goblins
  6 hobgoblins
  4 jackals (D:3)
  A quokka (D:2)
  3 frilled lizards
  5 kobolds
  9 rats
89 creatures vanquished.

Notes
Turn   | Place    | Note
-------+----------+-------------------------------------------
     0 | D:1      | qw the Gargoyle Hexslinger began the quest for the Orb.
     0 | D:1      | Reached XP level 1. HP: 12/12 MP: 2/2
     0 | D:1      | 0 ||| qw: Version: 0.3-a-46-gb1f654a
     0 | D:1      | 0 ||| qw: Game counter: 2120
     0 | D:1      | 0 ||| qw: Melee chars always use a shield: true
     0 | D:1      | 0 ||| qw: God list: Okawaru
     0 | D:1      | 0 ||| qw: Allow faded altars: false
     0 | D:1      | 0 ||| qw: Do Orc after clearing Dungeon:15 true
     0 | D:1      | 0 ||| qw: Do second Lair branch before Depths: true
     0 | D:1      | 0 ||| qw: Lair rune preference: random
     0 | D:1      | 0 ||| qw: Goals: Normal
     0 | D:1      | 0 ||| PLANNING D:1-11
    58 | D:1      | Reached XP level 2. HP: 16/16 MP: 3/3
    95 | D:1      | Reached skill level 3 in Ranged Weapons
   110 | D:1      | 110 ||| FLEEEEING.
   111 | D:1      | 111 ||| FLEEEEING.
   112 | D:1      | 112 ||| FLEEEEING.
   113 | D:1      | 113 ||| FLEEEEING.
   114 | D:1      | 114 ||| FLEEEEING.
   240 | D:1      | Reached XP level 3. HP: 21/21 MP: 4/4
   516 | D:1      | 516 ||| UPGRADING to +0 leather armour.
   526 | D:1      | 526 ||| DROPPING +0 robe.
   527 | D:1      | 527 ||| READING scroll labelled CAASEA INLEKIH.
   530 | D:1      | 530 ||| DROPPING scroll of poison.
   866 | D:2      | Found the +6 shillelagh "Devastator" {shatter}
  1068 | D:2      | Reached XP level 4. HP: 24/26 MP: 5/5
  1087 | D:2      | Found a faded altar of an unknown god.
  1087 | D:2      | Noticed Natasha
  1097 | D:2      | Killed Natasha
  1098 | D:2      | Reached skill level 4 in Ranged Weapons
  1332 | D:2      | Noticed Natasha
  1340 | D:2      | Killed Natasha
  1341 | D:2      | Reached XP level 5. HP: 17/30 MP: 6/6
  1408 | D:2      | 1408 ||| READING scroll labelled QANEPL ATAGHAH.
  1409 | D:2      | 1409 ||| READING scroll labelled VIMUIL WABEW.
  1410 | D:2      | 1410 ||| READING scroll labelled NOTIPOY QEUMOQ.
  1411 | D:2      | 1411 ||| READING scroll labelled PUALEXZ ZEGGOEDGH.
  1571 | D:3      | Reached skill level 5 in Ranged Weapons
  1595 | D:3      | Found a blossoming altar of Fedhas.
  1633 | D:3      | 1633 ||| FLEEEEING.
  1639 | D:3      | 1639 ||| FLEEEEING.
  1640 | D:3      | 1640 ||| FLEEEEING.
  1641 | D:3      | 1641 ||| FLEEEEING.
  1642 | D:3      | 1642 ||| FLEEEEING.
  1643 | D:3      | 1643 ||| FLEEEEING.
  1644 | D:3      | 1644 ||| FLEEEEING.
  1649 | D:3      | 1649 ||| FLEEEEING.
  1650 | D:3      | 1650 ||| FLEEEEING.
  1656 | D:3      | 1656 ||| FLEEEEING.
  1657 | D:3      | 1657 ||| FLEEEEING.
  1658 | D:3      | 1658 ||| FLEEEEING.
  1659 | D:3      | 1659 ||| FLEEEEING.
  1660 | D:3      | 1660 ||| FLEEEEING.
  1661 | D:3      | 1661 ||| FLEEEEING.
  1662 | D:3      | 1662 ||| FLEEEEING.
  1663 | D:3      | 1663 ||| FLEEEEING.
  1664 | D:3      | 1664 ||| FLEEEEING.
  1666 | D:3      | 1666 ||| FLEEEEING.
  1667 | D:3      | 1667 ||| FLEEEEING.
  1668 | D:3      | 1668 ||| FLEEEEING.
  1669 | D:3      | 1669 ||| FLEEEEING.
  1824 | D:3      | Found a runed translucent door.
  1828 | D:3      | Noticed qw's ghost (weakling MiHs)
  1907 | D:3      | Reached skill level 3 in Fighting
  2093 | D:3      | Reached XP level 6. HP: 17/37 MP: 7/7
  2281 | D:3      | Noticed Robin
  2294 | D:3      | HP: 8/37 [Robin/+2 short sword of speed (4)]
  2295 | D:3      | 2295 ||| READING 3 scrolls of teleportation.
  2510 | D:3      | Killed Robin
  2512 | D:3      | HP: 8/37 [goblin/+0 club[Robin] (2)]
  2513 | D:3      | 2513 ||| READING 2 scrolls of teleportation.
  2514 | D:3      | HP: 2/37 [goblin/+0 club[Robin] (6)]
  2701 | D:3      | Slain by an ogre

Levels and vault maps discovered:
D:1:      evilmike_arrival_crescent, layout_basic
D:2:      layout_basic, hellmonk_ecumenical_altar_lost_god, uniq_natasha
D:3:      minmay_bubble_buster, layout_loops_ring,
          mainiacjoe_overflow_concentric_impassable,
          ebering_ghost_reflecting_pool, minmay_misc_feat_hallway,
          minmay_misc_feat_tiny, uniq_robin

Skill      XL: |  1  2  3  4  5 |
---------------+----------------+-----
Ranged Weapons | 3 4 5 |  5.6
Fighting       | 2 3 |  3.2
Dodging        | |  1.5
Spellcasting   | |  1.0
Hexes          | |  2.6

Action                     |  1- 3 |  4- 6 || total
---------------------------+-------+-------++-------
   Fire: Sling             |   106 |   209 ||   315
    Use: Scroll            |     1 |     6 ||     7
 Armour: Robe              |     9 |       ||     9
         Leather armour    |     4 |    68 ||    72
  Dodge: Dodged            |    13 |    74 ||    87

Table legend:
 A = Non-vault XP
 B = Vault XP
 C = Vault XP percentage of total XP
 D = Non-vault monster count
 E = Vault monster count
 F = Vault count percentage of total count
                 A         B        C        D         E       F
            +---------+---------+-------+---------+---------+-------
      Total |     310 |      75 |  19.5 |      74 |      15 |  16.9
            +---------+---------+-------+---------+---------+-------
        D:1 |      50 |       0 |   0.0 |      28 |       0 |   0.0
        D:2 |      80 |      36 |  31.0 |      21 |       1 |   4.5
        D:3 |     180 |      39 |  17.8 |      25 |      14 |  35.9
            +---------+---------+-------+---------+---------+-------
